 Dungeon Crawl Stone Soup version 0.27.1-2-g3b301248ec (webtiles) character file.

Game seed: 10300450765974312925

11361 Metae the Fighter (level 11, -8/100 HPs)
             Began as a Hill Orc Fighter on Sept 25, 2021.
             Was a High Priest of Okawaru.
             Killed from afar by a frost giant (24 damage)
             ... with a bolt of cold
             ... on level 9 of the Dungeon.
             The game lasted 00:59:46 (12562 turns).

Metae the Fighter (Hill Orc Fighter)               Turns: 12562, Time: 00:59:46

Health: -8/100     AC: 19    Str: 29    XL:     11   Next: 76%
Magic:  18/18      EV:  4    Int:  8    God:    Okawaru [*****.]
Gold:   753        SH: 18    Dex: 10    Spells: 10/10 levels left

rFire    . . .     SeeInvis .   Q - +2 morningstar (protect)
rCold    . . .     Faith    .   r - +0 tower shield
rNeg     . . .     Spirit   .   E - +0 plate armour
rPois    +         Reflect  .   q - +0 helmet
rElec    +         Harm     .   H - +0 cloak {rPois}
rCorr    .         Rampage  .   G - +0 pair of gloves
Will     +....                  z - +0 pair of boots
Stlth    ..........             (no amulet)
HPRegen  0.26/turn              c - ring "Yplud" {Drain rElec Will+ Str+6}
MPRegen  0.16/turn              N - +4 ring of slaying

@: no status effects
A: no striking features
a: Renounce Religion, Convert to Beogh, Heroism, Finesse


You were on level 9 of the Dungeon.
You worshipped Okawaru.
Okawaru was extremely pleased with you.
You visited 2 branches of the dungeon, and saw 10 of its levels.

You collected 958 gold pieces.
You spent 205 gold pieces at shops.

Inventory:

Hand Weapons
 a - a +0 war axe
 u - a +2 mace of draining
 J - a +5 war axe of freezing
 O - a +1 hunting sling of flaming
 Q - a +2 morningstar of protection (weapon)
Armour
 f - a +2 chain mail of poison resistance
 m - +0 steam dragon scales
 q - a +0 helmet (worn)
 r - a +0 tower shield (worn)
 x - +1 acid dragon scales
 z - a +0 pair of boots (worn)
 D - a +1 chain mail of fire resistance
 E - a +0 plate armour (worn)
 G - a +0 pair of gloves (worn)
 H - a +0 cloak of poison resistance (worn)
Jewellery
 b - an amulet of magic regeneration
 c - the ring "Yplud" (left hand) {Drain rElec Will+ Str+6}
   (You found it on level 7 of the Dungeon)

   [ring of strength]

   Str:       It affects your strength (+6).
   rElec:     It insulates you from electricity.
   Drain:     It drains your maximum health when unequipped.
   Will:      It increases your willpower.
 l - a +4 ring of protection
 y - a +6 ring of dexterity
 C - the ring of the Tortoise {AC+8}
   (You found it on level 6 of the Dungeon)

   [ring of protection]

   AC:        It affects your AC (+8).
 N - a +4 ring of slaying (right hand)
Wands
 F - a wand of digging (6)
 K - a wand of polymorph (5)
 L - a wand of iceblast (6)
 M - a wand of mindburst (10)
Scrolls
 e - 2 scrolls of blinking
 h - 3 scrolls of amnesia
 i - a scroll of vulnerability
 j - 2 scrolls of magic mapping
 k - 3 scrolls of enchant weapon
 o - 2 scrolls of noise
 p - a scroll of fog
 s - a scroll of fear
 t - a scroll of teleportation
Potions
 d - a potion of might
 g - a potion of haste
 n - 6 potions of lignification
 v - 5 potions of curing
 A - a potion of magic {unknown}
 B - a potion of attraction {unknown}
 I - a potion of brilliance
Miscellaneous
 w - a box of beasts
 P - a box of beasts


   Skills:
 + Level 10.3 Fighting
 - Level 5.0(7.8) Axes
 + Level 7.8(8.3) Maces & Flails
 + Level 9.3 Armour
 + Level 9.4 Shields
 + Level 9.6 Invocations
 + Level 5.2 Evocations


You had 10 spell levels left.
You didn't know any spells.
Your spell library contained the following spells:

 Spells                   Type           Power      Damage    Failure   Level
 Beastly Appendage        Tmut           0%         N/A       100%        1
 Wereblood                Tmut           0%         N/A       100%        2
 Gell's Gravitas          Tloc           0%         N/A       100%        3
 Spider Form              Tmut/Pois      0%         N/A       100%        3
 Teleport Other           Tloc           0%         N/A       100%        3
 Alistair's Intoxication  Tmut/Pois      0%         N/A       100%        5
 Borgnjor's Vile Clutch   Necr/Erth      0%         N/A       100%        5
 Dispersal                Tloc           0%         N/A       100%        6
 Eringya's Noxious Bog    Tmut/Pois      0%         N/A       100%        6


Dungeon Overview and Level Annotations

Branches:
Dungeon (9/15)             Temple (1/1) D:4            Lair (0/6) D:9
    Orc: D:9-12

Altars:
Ashenzari
Cheibriados
Dithmenos
Elyvilon
Fedhas
Gozag
Hepliaklqana
Kikubaaqudgha
Makhleb
Nemelex Xobeh
Okawaru
Qazlal
Ru
Sif Muna
Trog
Uskayaw
Vehumet
Wu Jian
Yredelemnul
Zin
The Shining One

Shops:
D:4 [   D:6 *(*(


Message History

Your weapon exudes an aura of protection.
The warg is almost dead.
The warg pauses to sniff the ground.
The warg bites you! You block the warg's attack.
You thump the warg!
You kill the warg!
Okawaru accepts your kill.
Items here: ( )) [[.
Okay, then.
You see here a +2 chain mail of poison resistance.
f - a +2 chain mail of poison resistance
Items here: ( )) [[.
You drop a +0 chain mail.
You see here a box of beasts.
w - a box of beasts You see here a +0 chain mail.
Hit: Q) +2 morningstar (protect)
Press: ? - help, Dir - move target
Okay, then.
You see here a warg corpse.
The frost giant shouts!
The orc priest shouts!
The orc priest jeers loudly, as Orcs often do.
The frost giant points at you and mumbles some strange words.
The bolt of cold hits you!!
The orc priest invokes the aid of Beogh against you.
You easily resist.
You hear a howl!
The orc priest shouts, "Surrender to Beogh and we'll let you live!"
The orc priest looks braver for a moment.
The frost giant points at you and mumbles some strange words.
The bolt of cold hits you!!
The orc priest looks braver for a moment.
The frost giant points at you and mumbles some strange words.
The bolt of cold hits you!!!
* * * LOW HITPOINT WARNING * * *
You see here a warg corpse.
There is a stone staircase leading up here.
The frost giant casts a spell at you. The bolt of cold hits you!!
You die...

...#.........#...###.............
#..##..##...##...# ##............
....#...##..#....# #............
..#.##..#..##....####...........#
..#..#.....#.....##.............#
..##.##...##....#...............#
#..#..#...#....#.....###.......##
##.##.##.##..#.....### ####.####
##..#..#.#.C....@....#####..#
.......#[#o.............##.)#
....†...#[.####.............##
....#...#.## ####...........#
....##....# #...........#
...###...## #..........## #..#
##### ##.........# #C##
#......)..# .o# #.........#


You could see a frost giant and an orc priest.

Vanquished Creatures
  A boulder beetle (D:8)
  2 hydras
  4 two-headed ogres (D:9)
  An ugly thing (D:8)
  5 centaur zombies
  A gargoyle (D:8)
  Maurice (D:7)
  Maggie (D:9)
  Psyche (D:8)
  A troll (D:9)
  A wraith (D:8)
  6 yaks (D:9)
  2 steam dragons
  2 wargs (D:9)
  3 water moccasins
  4 orc warriors
  An ice beast (D:5)
  A hornet zombie (D:6)
  2 necrophages
  3 ogres
  A phantom (D:5)
  5 centaurs
  The ghost of hurston the Shield-Bearer, an amateur GrFi (D:3)
  3 kobold brigands
  A bullfrog (D:9)
  6 wights
  A howler monkey (D:7)
  2 bullfrog zombies (D:5)
  A jelly (D:5)
  A gnoll shaman (D:8)
  5 orc priests
  3 hounds
  Crazy Yiuf (D:4)
  3 bullfrog skeletons (D:5)
  A centaur skeleton (D:7)
  Jessica (D:2)
  4 iguanas
  8 orc wizards
  A killer bee zombie (D:7)
  9 gnolls
  2 howler monkey zombies
  13 adders
  2 howler monkey skeletons
  A shadow imp (D:6)
  4 white imps
  An adder skeleton (D:4)
  2 worms (D:2)
  4 dart slugs
  24 orcs
  8 bats
  9 endoplasms
  2 giant cockroaches
  9 goblins
  4 hobgoblins
  2 jackals (D:2)
  8 quokkas
  6 ball pythons
  5 frilled lizards
  22 kobolds
  4 rats
233 creatures vanquished.

Vanquished Creatures (others)
  20 plants
20 creatures vanquished.

Grand Total: 253 creatures vanquished

Notes
Turn   | Place    | Note
-------+----------+-------------------------------------------
     0 | D:1      | Metae the Hill Orc Fighter began the quest for the Orb.
     0 | D:1      | Reached XP level 1. HP: 19/19 MP: 1/1
    60 | D:1      | Reached XP level 2. HP: 17/27 MP: 2/2
   412 | D:1      | Found a faded altar of an unknown god.
   425 | D:1      | Reached skill level 4 in Fighting
   594 | D:1      | Reached XP level 3. HP: 31/33 MP: 3/3
   853 | D:1      | You fall into a shaft and drop 1 floor!
  1108 | D:2      | Noticed Jessica
  1112 | D:2      | Killed Jessica
  1113 | D:2      | Reached XP level 4. HP: 40/40 MP: 4/4
  2235 | D:3      | Reached XP level 5. HP: 47/47 MP: 5/5
  2243 | D:3      | Found a transporter.
  2292 | D:3      | Found a transporter.
  2293 | D:3      | Identified the +6 dire flail "Lujomir" {vorpal, rC+ rCorr
                  | Str+3}
  2293 | D:3      | Noticed an ogre
  2293 | D:3      | Noticed hurston's ghost (amateur GrFi)
  2294 | D:3      | Noticed an ogre
  2862 | D:3      | Found a sacrificial altar of Ru.
  3170 | D:4      | Found a staircase to the Ecumenical Temple.
  3193 | Temple   | Entered the Ecumenical Temple
  3376 | Temple   | Became a worshipper of Warmaster Okawaru
  3424 | D:4      | Noticed a necrophage
  3437 | D:4      | Killed a necrophage
  3438 | D:4      | Reached skill level 5 in Fighting
  3438 | D:4      | Reached XP level 6. HP: 50/56 MP: 6/6
  3496 | D:4      | Found an opulent altar of Gozag.
  3543 | D:4      | Found Ackuitut's Armour Shoppe.
  3591 | D:4      | Found a broken altar of Ashenzari.
  3627 | D:4      | Reached skill level 5 in Axes
  3896 | D:4      | Found a sparkling altar of Nemelex Xobeh.
  3973 | D:4      | Found a runed translucent door.
  3974 | D:4      | Noticed Crazy Yiuf
  3980 | D:4      | Killed Crazy Yiuf
  4023 | D:5      | Entered Level 5 of the Dungeon
  4023 | D:5      | Noticed an ice beast
  4029 | D:5      | Killed an ice beast
  4030 | D:5      | Reached skill level 5 in Armour
  4030 | D:5      | Reached skill level 5 in Shields
  4030 | D:5      | Reached skill level 1 in Invocations
  4030 | D:5      | Reached XP level 7. HP: 58/61 MP: 7/7
  4038 | D:5      | Reached skill level 1 in Maces & Flails
  4043 | D:5      | Reached * piety under Okawaru
  4590 | D:5      | Reached skill level 6 in Fighting
  4740 | D:5      | Reached XP level 8. HP: 36/70 MP: 10/10
  5222 | D:6      | Reached ** piety under Okawaru
  5551 | D:6      | Found Muleqyc's General Store.
  5672 | D:6      | Bought a scroll of identify for 22 gold pieces
  5672 | D:6      | Bought a potion of curing for 33 gold pieces
  6374 | D:6      | Reached skill level 7 in Fighting
  6409 | D:6      | Reached skill level 5 in Invocations
  6409 | D:6      | Reached XP level 9. HP: 68/79 MP: 12/12
  6492 | D:6      | Found Lorrug's Antique Weapon Emporium.
  6578 | D:6      | Found Imasaag's Assorted Antiques.
  6592 | D:6      | Bought a scroll of identify for 60 gold pieces
  6592 | D:6      | Bought a potion of curing for 90 gold pieces
  6593 | D:6      | Identified a scroll of acquirement
  6593 | D:6      | Acquired 597 gold pieces
  6745 | D:6      | Found Juvogoa's Antique Weapon Boutique.
  6747 | D:6      | Found the ring of the Tortoise {AC+8}
  7013 | D:3      | Reached *** piety under Okawaru
  7029 | D:3      | Killed hurston's ghost
  7275 | D:7      | Identified the ring "Yplud" {Drain rElec Will+ Str+6}
  7402 | D:7      | Reached skill level 5 in Maces & Flails
  7812 | D:8      | Noticed Maurice
  7857 | D:7      | Killed Maurice
  7857 | D:7      | Reached **** piety under Okawaru
  7858 | D:7      | Reached skill level 8 in Fighting
  7858 | D:7      | Reached skill level 1 in Evocations
  8170 | D:8      | Noticed Psyche
  8200 | D:8      | Killed Psyche
  8201 | D:8      | Reached XP level 10. HP: 59/90 MP: 15/15
  8399 | D:8      | Noticed a boulder beetle
  8399 | D:8      | Noticed a boulder beetle
  8514 | D:8      | Killed a boulder beetle
  8845 | D:8      | Noticed a four-headed hydra
  8845 | D:8      | Noticed an eight-headed hydra
  9665 | D:9      | Noticed a two-headed ogre
  9669 | D:9      | Noticed a two-headed ogre
  9681 | D:9      | Killed a two-headed ogre
  9682 | D:9      | Reached skill level 9 in Fighting
  9685 | D:9      | Killed a two-headed ogre
  9687 | D:9      | Noticed Maggie
  9703 | D:9      | Killed Maggie
  9707 | D:9      | Noticed a green ugly thing
  9753 | D:8      | Killed a green ugly thing
  9754 | D:8      | Reached XP level 11. HP: 36/97 MP: 15/17
 10020 | D:9      | Found an ornate altar of the Wu Jian Council.
 10116 | D:8      | Killed a four-headed hydra
 10509 | D:8      | Reached ***** piety under Okawaru
 11569 | D:9      | Noticed a six-headed hydra
 11576 | D:9      | Killed a six-headed hydra
 11599 | D:9      | Reached skill level 10 in Fighting
 11603 | D:9      | Received a gift from Okawaru
 11609 | D:9      | Noticed a frost giant
 11932 | D:9      | Found a staircase to the Lair.
 12281 | D:9      | Noticed a two-headed ogre
 12281 | D:9      | Noticed a two-headed ogre
 12295 | D:9      | Killed a two-headed ogre
 12296 | D:9      | Reached skill level 5 in Evocations
 12298 | D:9      | Killed a two-headed ogre
 12562 | D:9      | Killed from afar by a frost giant

Illustrated notes

Levels and vault maps discovered:
D:1:      doesnt_arrival_eight_statues, layout_basic,
          hellmonk_ecumenical_altar_arch_garden
D:2:      kennysheep_six_static_rooms, layout_basic, uniq_jessica
D:3:      layout_rooms, nicolae_ru_the_path_less_chosen, gammafunk_ghost_smash
D:4:      layout_rooms, mainiacjoe_overflow_tiny_flanked, kennysheep_little_box,
          amcnicky_altar_gilded, minmay_temple_entry_statues_pillars,
          serial_curves, eino_curves_03, eino_curves_03, serial_shops,
          nicolae_stop_n_shop_1, kennysheep_minor_cross, item_on_display_a,
          uniq_crazy_yiuf_cottage
D:5:      layout_rooms, minmay_increasing_density
D:6:      layout_gridville, serial_shops, shop, shop, shop,
          nicolae_diamond_shop, serial_bayou_lake_a
D:7:      layout_basic
D:8:      minmay_curly_fans, layout_basic, uniq_psyche, uniq_maurice
D:9:      minmay_the_grid_four_pointed_star_mashed
          [minmay_the_grid_triangle_9x9_pentomino_pain,
          minmay_the_grid_triangle_9x9_empty,
          minmay_the_grid_triangle_9x9_semitri,
          minmay_the_grid_triangle_9x9_swiss_cheese,
          minmay_the_grid_prize_diamond_cup], layout_cave_pods,
          nicolae_wu_jian_immortal_techniques, erik_lair_orcish_takeover,
          hex_medium, minivault_4, uniq_maggie
Temple:   eino_temple_rhombus

Skill      XL: |  1  2  3  4  5  6  7  8  9 10 11 |
---------------+----------------------------------+-----
Axes           | 3 4 5 |  5.0
Fighting       | 4 5 6 7 8 9 10 | 10.3
Shields        | 4 5 6 7 8 9 |  9.4
Armour         | 4 5 6 7 8 9 |  9.3
Invocations    | 1 3 5 7 8 9 |  9.6
Maces & Flails | 2 4 5 6 7 |  7.8
Evocations     | 2 4 5 |  5.2

Action                   |  1- 3 |  4- 6 |  7- 9 | 10-12 || total
-------------------------+-------+-------+-------+-------++-------
Melee: War axe           |    95 |   235 |       |       ||   330
       Mace              |       |     6 |   450 |   369 ||   825
       Unarmed           |       |       |       |     2 ||     2
       Morningstar       |       |       |       |     2 ||     2
Invok: Heroism           |       |       |     3 |    11 ||    14
Evoke: Wand              |       |       |       |     4 ||     4
  Use: Scroll            |       |       |    10 |     2 ||    12
       Potion            |       |       |       |     6 ||     6
 Stab: Invisible         |       |       |       |     2 ||     2
Armor: Scale mail        |    53 |   140 |    28 |       ||   221
       Chain mail        |       |       |   356 |   162 ||   518
       Skin              |       |       |       |    23 ||    23
Dodge: Dodged            |    45 |    62 |    93 |    71 ||   271
Block: Kite shield       |    66 |    97 |       |       ||   163
       Tower shield      |       |    88 |   487 |   454 ||  1029
